 Dungeon Crawl Stone Soup version 0.31.0-32-g396128a36d (webtiles) character file.

Game seed: 8257871905454631771

14348 tizbic2 the Skirmisher (level 11, -1/92 HPs)
             Began as a Demigod Air Elementalist on Apr 14, 2024.
             Hit by a large rock thrown by a cyclops (38 damage)
             ... on level 10 of the Dungeon.
             The game lasted 00:42:17 (7268 turns).

tizbic2 the Skirmisher (Demigod Air Elementalist)   Turns: 7268, Time: 00:42:19

Health: -1/92      AC: 12    Str: 15    XL:     11   Next: 57%
Magic:  24/24      EV: 12    Int: 24    God:
Gold:   386        SH:  0    Dex: 22    Spells: 12/23 levels left

rFire   . . .        u - +6 arbalest "Damnation" {damnation}
rCold   . . .        (shield currently unavailable)
rNeg    + + .        m - +2 leather armour {rN+}
rPois   .            y - +1 helmet {Int+3}
rElec   .            (no cloak)
rCorr   .            F - +0 pair of gloves
SInv    .            (no boots)
Will    ++++.        O - amulet of the Four Winds {rN+ Will+++ Clar}
Stlth   ++           g - +6 ring of strength
HPRegen 0.35/turn    L - +4 ring of protection
MPRegen 0.19/turn

%: clarity
@: no status effects
A: high MP 1, forlorn, divine attributes
a: no special abilities


You were on level 10 of the Dungeon.
You visited 2 branches of the dungeon, and saw 12 of its levels.
You also visited: Sewer.

You collected 1478 gold pieces.
You spent 1092 gold pieces at shops.

Inventory:

Hand Weapons
 u - the +6 arbalest "Damnation" (weapon) {damnation}
   (You found it on level 3 of the Dungeon)
 B - a +0 orcbow of draining
 C - a +3 flail of holy wrath
Missiles
 r - a throwing net
 t - 33 poisoned darts
 A - 3 javelins
Armour
 m - a +2 leather armour of positive energy (worn)
 w - +0 storm dragon scales
 x - a +2 robe of fire resistance
 y - a +1 helmet of intelligence (worn)
 D - a +0 chain mail
 F - a +0 pair of gloves (worn)
 M - a +2 robe of cold resistance
Jewellery
 g - a +6 ring of strength (left hand)
 h - the amulet of Elemental Vulnerability {rPois rF-- rC-- AC+8}
   (You found it on level 8 of the Dungeon)

   [amulet of nothing]

   AC+8:      It affects your AC (+8).
   rF--:      It makes you very vulnerable to fire.
   rC--:      It makes you very vulnerable to cold.
   rPois:     It protects you from poison
 I - a ring of flight
 L - a +4 ring of protection (right hand)
 O - the amulet of the Four Winds (around neck) {rN+ Will+++ Clar}
   (You bought it in a shop on level 1 of the Orcish Mines)

   [amulet of nothing]

   rN+:       It protects you from negative energy.
   Will+++:   It greatly increases your willpower.
   Clar:      It protects you from confusion, rage, mesmerisation and fear.
Wands
 d - a wand of iceblast (17)
 o - a wand of mindburst (19)
 v - a wand of charming (4)
 H - a wand of flame (17)
Scrolls
 a - a scroll of fear
 c - 2 scrolls of revelation
 f - 2 scrolls of enchant weapon
 l - a scroll of torment
 J - a scroll of poison
 K - a scroll of vulnerability
 N - a scroll of fog {unknown}
Potions
 b - 3 potions of magic
 e - 2 potions of lignification
 i - 3 potions of might
 j - 3 potions of heal wounds
 k - 7 potions of curing
 n - 2 potions of cancellation
 p - 3 potions of berserk rage
 q - a potion of haste
 s - a potion of resistance
 z - 2 potions of invisibility
 E - 2 potions of enlightenment
 G - 3 potions of mutation


   Skills:
 + Level 7.3 Fighting
 * Level 10.0 Ranged Weapons
 * Level 3.0 Armour
 - Level 1.8 Dodging
 - Level 1.8 Stealth
 - Level 6.5 Spellcasting
 - Level 0.9 Conjurations
 - Level 7.5 Hexes
 - Level 6.0 Translocations
 - Level 4.0 Air Magic


You had 12 spell levels left.
You knew the following spells:

 Your Spells              Type           Power      Damage    Failure   Level
a - Shock                 Conj/Air       76%        1d7       3%          1
b - Static Discharge      Conj/Air       38%        3-5/arc   4%          2
c - Dimensional Bullseye  Hex/Tloc       20%        N/A       5%          4
d - Swiftness             Air            27%        N/A       5%          3
e - Slow                  Hex            100%       N/A       1%          1

Your spell library contained the following spells:

 Spells                   Type           Power      Damage    Failure   Level
 Confusing Touch          Hex            44%        N/A       1%          3
 Sigil of Binding         Hex            44%        N/A       1%          3
 Ensorcelled Hibernation  Hex/Ice        52%        N/A       3%          2
 Dazzling Flash           Conj/Hex       56%        N/A       4%          3
 Foxfire                  Conj/Fire      40%        2x1d6     8%          1
 Volatile Blastmotes      Fire/Tloc      44%        2d13      9%          3
 Airstrike                Air            13%        2d(2-18)  17%         4
 Call Canine Familiar     Summ           7%         N/A       28%         3
 Passwall                 Erth           7%         N/A       28%         3
 Vampiric Draining        Necr           7%         2d6       28%         3
 Plasma Beam              Fire/Air       8%         2x1d19    99%         6
 Starburst                Conj/Fire      5%         6d4       100%        6
 Maxwell's Capacitive Co  Air            13%        ∞         100%        8


Dungeon Overview and Level Annotations

Branches:
Dungeon (10/15)            Temple (0/1) D:6             Orc (2/2) D:9
  Sewer (visited)
   Lair: D:8-11         Elf: Orc:2

Shops:
D:9 (   Orc:1 =


Innate Abilities, Weirdness & Mutations

You have an increased reservoir of magic. (+10% MP)
You shall have no god before yourself.
Your divine heritage dramatically boosts your attributes as you level up.


Message History

The damnation engulfs the yak!!
You kill the yak!
Your Armour skill increases to level 3!
You shoot a damnation bolt.
The damnation bolt closely misses Harold.
Harold barely misses you. Harold gestures at you while chanting.
You easily resist.
You shoot a damnation bolt.
The damnation bolt barely misses Harold.
A centaur comes into view.
Harold hits you with a +5 long sword of electrocution!
* * * LOW HITPOINT WARNING * * *
You are electrocuted!
* * * LOW HITPOINT WARNING * * *
You feel much better.
Harold hits you with a +5 long sword of electrocution.
Harold throws a throwing net.
The throwing net hits you.
You become entangled in the net!
You see here a throwing net.
You feel better.
Harold points at you and mumbles some strange words.
You easily resist.
The centaur shouts!
You struggle against the net.
Harold fires a harpoon shot at you.
The harpoon shot hits you but does no damage.
You tear a large gash into the net.
Harold gestures at you while chanting.
You easily resist.
You rip the net and break free!
Harold thinks, and says "Perhaps I'll take up fishing after I'm done here..."
You shoot a damnation bolt. The damnation bolt hits Harold.
Harold is almost dead.
The damnation bolt explodes!
The damnation engulfs Harold!
You kill Harold!
The damnation engulfs the cyclops!!
The cyclops is moderately wounded.
The cyclops throws a large rock.
The large rock hits you!!!
You die...

############
#.)........#
#..........# .
#..........# # ..
#..........# )+...
#...<......# ##.....
#..........# ....≈≈.
#.....<...@##..≈..≈.
#..........)Cc.≈≈...
#..........##......_
####'####### ..≈≈...
#..# ..≈..≈. ##.#
#...≈≈. #.# ......
### #.# ...... ..#
#.# ##....


You could see a cyclops and a centaur.

Vanquished Creatures
  Erolcha (D:9)
  Harold (D:10)
  A two-headed ogre (D:8)
  Pikel (D:4)
  An orc sorcerer (Orc:2)
  A kobold blastminer (Orc:1)
  Joseph (D:9)
  Jeremiah (D:6)
  Psyche (D:9)
  A troll (Orc:1)
  A hornet (D:7)
  15 yaks
  A steam dragon (D:7)
  Eustachio (D:6)
  3 wargs
  4 vampire mosquitoes (D:9)
  Menkaure (D:4)
  Edmund (D:6)
  4 water moccasins
  19 orc warriors
  A sky beast (D:7)
  An ice beast (D:7)
  2 black bears
  4 ogres
  3 centaurs
  A lemure (D:4)
  Blork the orc (D:5)
  4 bullfrogs
  5 kobold brigands
  2 gnoll sergeants
  3 scorpions
  9 wights (D:9)
  12 killer bees
  A howler monkey (D:10)
  A bombardier beetle (D:3)
  2 jellies
  A gnoll bouda (D:6)
  14 orc priests
  3 hounds (D:7)
  7 iguanas
  2 sleepcaps
  Natasha (thrice) (D:3)
  22 orc wizards
  Ijyb (D:4)
  17 gnolls
  8 adders
  2 river rats
  3 shadow imps
  3 white imps
  2 dart slugs (D:4)
  2 ribbon worms
  76 orcs
  10 ball pythons
  4 endoplasms
  A giant cockroach (D:3)
  9 goblins
  6 hobgoblins
  13 jackals
  6 quokkas
  6 bats
  A frilled lizard (D:2)
  33 kobolds
  8 rats
375 creatures vanquished.

Notes
Turn   | Place    | Note
-------+----------+-------------------------------------------
     0 | D:1      | tizbic2 the Demigod Air Elementalist began the quest for
                  | the Orb.
     0 | D:1      | Reached XP level 1. HP: 14/14 MP: 5/5
   333 | D:1      | Reached XP level 2. HP: 22/22 MP: 1/7
   942 | D:2      | Reached XP level 3. HP: 25/27 MP: 6/9
   954 | D:2      | Learned a level 2 spell: Static Discharge
  1037 | D:2      | Reached skill level 1 in Fighting
  1343 | D:3      | Reached XP level 4. HP: 25/35 MP: 4/10
  1587 | D:3      | Noticed Natasha
  1595 | D:3      | Killed Natasha
  1718 | D:3      | Noticed Natasha
  1785 | D:3      | Reached XP level 5. HP: 34/41 MP: 7/12
  1795 | D:3      | Found the +6 arbalest "Damnation" {damnation}
  1828 | D:3      | Reached skill level 1 in Ranged Weapons
  2013 | D:3      | Killed Natasha
  2170 | D:3      | Noticed Natasha
  2171 | D:3      | Killed Natasha
  2218 | D:4      | Reached skill level 2 in Ranged Weapons
  2275 | D:4      | Reached XP level 6. HP: 50/50 MP: 13/13
  2313 | D:4      | Noticed Pikel
  2315 | D:4      | Killed Pikel
  2316 | D:4      | Reached skill level 4 in Ranged Weapons
  2316 | D:4      | Reached XP level 7. HP: 53/57 MP: 14/14
  2405 | D:4      | Noticed Menkaure
  2407 | D:4      | Killed Menkaure
  2553 | D:4      | Learned a level 4 spell: Dimensional Bullseye
  2652 | D:4      | Noticed Ijyb
  2653 | D:4      | Killed Ijyb
  2730 | D:5      | Entered Level 5 of the Dungeon
  2743 | D:5      | Reached skill level 1 in Hexes
  2759 | D:5      | Noticed Blork the orc
  2765 | D:5      | Killed Blork the orc
  2766 | D:5      | Reached skill level 5 in Ranged Weapons
  2766 | D:5      | Reached XP level 8. HP: 66/66 MP: 16/16
  3209 | D:6      | Noticed Edmund
  3213 | D:6      | Killed Edmund
  3342 | D:6      | Reached skill level 6 in Ranged Weapons
  3343 | D:6      | Noticed Eustachio
  3353 | D:6      | Killed Eustachio
  3375 | D:6      | Noticed Jeremiah
  3386 | D:6      | Killed Jeremiah
  3387 | D:6      | Reached XP level 9. HP: 57/73 MP: 18/18
  3568 | D:6      | Found a glowing drain.
  3575 | Sewer    | Entered a sewer
  3960 | D:6      | Reached skill level 5 in Fighting
  4030 | D:6      | Found a staircase to the Ecumenical Temple.
  4576 | D:7      | Reached skill level 5 in Hexes
  4578 | D:7      | Reached skill level 7 in Ranged Weapons
  4704 | D:7      | Reached skill level 5 in Spellcasting
  5077 | D:8      | Reached XP level 10. HP: 83/83 MP: 21/21
  5084 | D:8      | Found the amulet of Elemental Vulnerability {rPois rF--
                  | rC-- AC+8}
  5098 | D:8      | Reached skill level 8 in Ranged Weapons
  5098 | D:8      | Reached skill level 1 in Translocations
  5231 | D:8      | Noticed a two-headed ogre
  5237 | D:8      | Killed a two-headed ogre
  5736 | D:9      | Noticed Joseph
  5739 | D:9      | Killed Joseph
  5816 | D:9      | Noticed Psyche
  5818 | D:9      | Paralysed by Psyche for 4 turns
  5822 | D:9      | Killed Psyche
  5888 | D:9      | Found Tepruro's Weapon Shop.
  5894 | D:9      | Reached skill level 9 in Ranged Weapons
  5933 | D:9      | Reached XP level 11. HP: 91/91 MP: 24/24
  5980 | D:9      | Noticed Erolcha
  5986 | D:9      | Killed Erolcha
  5987 | D:9      | Reached skill level 5 in Translocations
  6127 | D:9      | Found a staircase to the Orcish Mines.
  6149 | Orc:1    | Entered Level 1 of the Orcish Mines
  6221 | Orc:1    | Learned a level 3 spell: Swiftness
  6223 | Orc:1    | Learned a level 1 spell: Slow
  6329 | Orc:1    | Found Fuzoirph's Jewellery Emporium.
  6346 | Orc:1    | Bought the amulet of the Four Winds {rN+ Will+++ Clar} for
                  | 1092 gold pieces
  6346 | Orc:1    | Found the amulet of the Four Winds {rN+ Will+++ Clar}
  6487 | Orc:2    | Entered Level 2 of the Orcish Mines
  6683 | Orc:2    | Noticed a sixfirhy
  6683 | Orc:2    | Noticed a sixfirhy
  7004 | D:10     | Entered Level 10 of the Dungeon
  7244 | D:10     | Noticed Harold
  7246 | D:10     | Reached skill level 10 in Ranged Weapons
  7268 | D:10     | Killed Harold
  7268 | D:10     | Hit by a large rock thrown by a cyclops

Illustrated notes

Levels and vault maps discovered:
D:1:      saegor_arrival_miasma, layout_loops_ring
D:2:      layout_rooms, ebering_ecumenical_altar_ruins, basic_altar,
          minmay_pentomino_o4
D:3:      layout_loops_ring, amcnicky_mini_corridor_feature, minmay_cupped,
          uniq_natasha
D:4:      layout_gridville, uniq_ijyb, uniq_pikel, uniq_menkaure
D:5:      layout_rooms, uniq_blork_the_orc
D:6:      layout_basic, minmay_temple_entry_statues_pillars,
          gup_sewer_entry_bubbles, uniq_jeremiah, uniq_eustachio, uniq_edmund
D:7:      layout_loops_ring, minmay_quadrilaterals
D:8:      minmay_goldmine, layout_loops_ring
D:9:      layout_irregular_city, mainiacjoe_overflow_paths,
          general_overflow_altar, david_orc_5, serial_shops,
          nicolae_shop_tiny_waterfront, uniq_erolcha, uniq_psyche, uniq_joseph
D:10:     layout_roguey, lemuel_coloured_pillars_altar,
          mainiacjoe_overflow_small_starburst, serial_shops,
          nicolae_shop_advertising_works [nicolae_subvault_shop_adworks],
          uniq_harold
Orc:1:    layout_caves, basic_altar, serial_shops, shop
Orc:2:    st_orc_mages, layout_diamond_mine, kennysheep_orc_sif_temple

Skill      XL: |  1  2  3  4  5  6  7  8  9 10 11 |
---------------+----------------------------------+-----
Spellcasting   | 2 3 4 5 6 |  6.5
Air Magic      | 3 4 |  4.0
Fighting       | 1 2 3 4 5 6 7 |  7.3
Ranged Weapons | 2 4 5 6 7 9 10 | 10.0
Armour         | 2 3 |  3.0
Hexes          | 2 4 6 7 |  7.5
Translocations | 4 6 |  6.0
Dodging        | |  1.8
Stealth        | |  1.8
Conjurations   | |  0.9

Action                     |  1- 3 |  4- 6 |  7- 9 | 10-12 || total
---------------------------+-------+-------+-------+-------++-------
  Melee: Dagger            |     6 |       |       |       ||     6
         Unarmed           |     1 |       |       |       ||     1
         Short sword       |    46 |     6 |       |       ||    52
         Punch             |     1 |       |       |       ||     1
         Bardiche          |       |    21 |       |       ||    21
   Fire: Arbalest          |       |    19 |   161 |   191 ||   371
   Cast: Shock             |    58 |     2 |       |       ||    60
         Static Discharge  |       |     8 |       |       ||     8
         Dimensional Bulls |       |       |       |     1 ||     1
    Use: Scroll            |     1 |     1 |     8 |    10 ||    20
         Potion            |       |       |       |     4 ||     4
   Stab: Sleeping          |     3 |       |       |       ||     3
 Armour: Robe              |    14 |       |       |    42 ||    56
         Leather armour    |    39 |    35 |    23 |    54 ||   151
         Storm dragon scal |       |       |    15 |    19 ||    34
  Dodge: Dodged            |    57 |    37 |    30 |    63 ||   187
